[Event "Late-Titled-Tuesday-Blitz-February-13-2024"]
[Site "Chess.com"]
[Date "2024.02.13"]
[Round "11"]
[White "Inepton_Fermion"]
[Black "subham777"]
[Result "0-1"]
[WhiteElo "2386"]
[BlackElo "2539"]
[TimeControl "180+1"]
[EndTime "16:04:37 PST"]
[Termination "subham777 won by resignation"]

1. Nf3 d5 2. b3 Nf6 3. Bb2 e6 4. e3 Be7 5. c4 O-O 6. cxd5 Nxd5 7. d4 Bf6 8. Nbd2 c5 9. Ne4 cxd4 10. Nxf6+ Qxf6 11. Bxd4 Qe7 12. Bd3 Nc6 13. Bb2 Ndb4 14. Bb1 e5 15. a3 Rd8 16. Qe2 Nd5 17. O-O Bg4 18. h3 Bh5 19. g4 Bg6 20. Bxg6 hxg6 21. b4 Rac8 22. Rac1 e4 23. Nd4 Ne5 24. Qb5 a6 25. Qe2 Rxc1 26. Rxc1 Nd3 27. Rc2 Qh4 28. Kh2 Nf6 29.
Kg2 Nh7 30. Qf1 Ng5 31. Kh2 Ne5 32. f4 Nxg4+ 33. Kg1 Qg3+ 34. Qg2 0-1

[Event "Late-Titled-Tuesday-Blitz-February-13-2024"]
[Site "Chess.com"]
[Date "2024.02.13"]
[Round "11"]
[White "yaguigor"]
[Black "cande_francisco"]
[Result "1-0"]
[WhiteElo "2643"]
[BlackElo "2505"]
[TimeControl "180+1"]
[EndTime "16:04:38 PST"]
[Termination "yaguigor won by resignation"]

1. Nf3 c5 2. e4 a6 3. c3 d5 4.
exd5 Qxd5 5. d4 e6 6. Be3 cxd4 7. cxd4 Nf6 8. Nc3 Qd8 9. Bd3 Bd6 10. O-O Nc6 11. Rc1 O-O 12. a3 Ne7 13. Bg5 Ned5 14.
Nxd5 exd5 15. Ne5 h6 16. Bh4 g5 17. Bg3 Kg7 18. Re1 Ne4 19. Qh5 Nxg3 20. hxg3 Be6 21. Re3 Rc8 22. Rce1 Rh8 23. Qf3 Qf6 24. Qh5 Rc7 25.
Rf3 Qd8 26. Bf5 Bxe5 27. Rxe5 Bxf5 28. Rexf5 Rf8 29. Rf6 Qxf6 30. Rxf6 Kxf6 31. Qxh6+ Ke7 32.
Qxg5+ f6 33. Qe3+ Kf7 34. g4 Re8 35. Qh6 Rc2 36. Qh7+ 1-0

[Event "Late-Titled-Tuesday-Blitz-February-13-2024"]
[Site "Chess.com"]
[Date "2024.02.13"]
[Round "11"]
[White "wanyaland"]
[Black "GoValya"]
[Result "1/2-1/2"]
[WhiteElo "2489"]
[BlackElo "2279"]
[TimeControl "180+1"]
[EndTime "16:04:39 PST"]
[Termination "Game drawn by repetition"]

1. Nf3 Nf6 2. g3 d5 3. c4 c6 4. b3 g6 5. Bb2 Bg7 6. Bg2 O-O 7.
O-O Bf5 8. d3 Nbd7 9. Nbd2 h6 10. Rc1 g5 11. Rc2 Bg6 12. Qa1 a5 13. a3 b5 14. Nd4 Qb6 15. cxb5 cxb5 16. Nc6 e6 17. Bd4 Qb7 18. Rfc1 Rfe8 19. Nf3 Nh5 20. Bxg7 Nxg7 21. Nce5 Nxe5 22. Nxe5 Rac8 23. Ng4 Nh5 24. Nxh6+ Kh7 25.
Ng4 Rxc2 26. Rxc2 Rc8 27. Rxc8 Qxc8 28. Qb2 Qc7 29. h3 f5 30. Nf6+ Nxf6 31. Qxf6 f4 32. Qxg5 fxg3 33. Qxg3 Qc1+ 34. Kh2 Qxa3 35. d4 Qe7 36.
Qe5 Qf7 37. f4 a4 38. bxa4 bxa4 39. e4 dxe4 40. Bxe4 Bxe4 41. Qxe4+ Qf5 42. Qb7+ Kh6 43. Qb8 a3 44. Qh8+ Kg6 45. Qg8+ Kh6 46. Qh8+ Kg6 47. Qg8+ Kh6 48. Qh8+ 1/2-1/2

[Event "Late-Titled-Tuesday-Blitz-February-13-2024"]
[Site "Chess.com"]
[Date "2024.02.13"]
[Round "11"]
[White "lucliasco"]
[Black "vi_pranav"]
[Result "1-0"]
[WhiteElo "2864"]
[BlackElo "3012"]
[TimeControl "180+1"]
[EndTime "16:04:40 PST"]
[Termination "lucliasco won on time"]

1. d4 Nf6 2. Nf3 e6 3. e3 b6 4. Bd3 Bb7 5. O-O c5 6. b3 Be7 7. Bb2 O-O 8. Nbd2 d6 9. Qe2 Nc6 10. a3 Rc8 11. Rad1 Qc7 12. dxc5 bxc5 13. e4 Nd7 14.
Nc4 Rfe8 15. Rfe1 Bf8 16. h4 d5 17. Ne3 d4 18. Ng4 Bd6 19. e5 Bf8 20. Bc1 Ne7 21.
Bf4 Nd5 22. Bg3 Nc3 23. Qd2 Bxf3 24. gxf3 Nxd1 25. Rxd1 h5 26. Nf6+ Nxf6 27. exf6 Qd8 28. fxg7 Bxg7 29. Qe1 Bf6 30. Qe4 Kf8 31. Re1 Qd5 32. Qh7 Ke7 33. Bc4 Rh8 34. Qxh8 Rxh8 35. Bxd5 Rg8 36. Kh2 Kd7 37. Bc4 Re8 38. a4 Rg8 39.
Re4 Bd8 40. Re5 Be7 41. Rxh5 Rg7 42. Re5 f6 43. Rxe6 1-0

[Event "Late-Titled-Tuesday-Blitz-February-13-2024"]
[Site "Chess.com"]
[Date "2024.02.13"]
[Round "11"]
[White "emeli_chess"]
[Black "Jaka_Brilej"]
[Result "0-1"]
[WhiteElo "2406"]
[BlackElo "2539"]
[TimeControl "180+1"]
[EndTime "16:04:40 PST"]
[Termination "Jaka_Brilej won by resignation"]

1. d4 Nf6 2. c4 g6 3. Nc3 Bg7 4. e4 d6 5. f3 O-O 6. Be3 c5 7. Nge2 Nc6 8. d5 Ne5 9. Ng3 h5 10. Be2 h4 11. Nf1 h3 12. Rg1 hxg2 13. Rxg2 Bh3 14. Rg3 Bxf1 15. Kxf1 Nh5 16. Rg2 f5 17. Kg1 f4 18. Bf2 Qc8 19. Kh1 Qh3 20. Qg1 Kf7 21. Rg5 Rh8 22. Qg2 Qd7 23. Rg1 Rh6 24. Bh4 Bf6 25.
Qf2 Rah8 26. Kg2 Ng7 27. Rxe5 Rxh4 28. Kf1 Bxe5 29. Ke1 Rxh2 30. Qf1 Nh5 0-1

[Event "Late-Titled-Tuesday-Blitz-February-13-2024"]
[Site "Chess.com"]
[Date "2024.02.13"]
[Round "11"]
[White "HajiyevKanan"]
[Black "nitpicker"]
[Result "1-0"]
[WhiteElo "2461"]
[BlackElo "2233"]
[TimeControl "180+1"]
[EndTime "16:04:41 PST"]
[Termination "HajiyevKanan won on time"]

1. d4 Nf6 2. Nf3 e6 3. c4 d5 4.
cxd5 exd5 5. Nc3 c6 6. Qc2 g6 7.
Bg5 Be7 8. e3 Bf5 9. Bd3 Bxd3 10. Qxd3 O-O 11. O-O Nbd7 12. Rab1 a5 13. a3 Re8 14.
Qc2 Kg7 15. Rfc1 Nh5 16. Bxe7 Qxe7 17. b4 axb4 18. axb4 b5 19. Ne2 Rac8 20. Ng3 Nxg3 21. hxg3 Nb6 22. Ne5 Nc4 23. Nd3 Nxe3 24. fxe3 Qxe3+ 25. Kh2 Qh6+ 26. Kg1 Qe3+ 27. Nf2 Qxd4 28. Qc3 Qxc3 29. Rxc3 f5 30. Rbc1 Re6 31. Nd3 d4 32. Rc5 Kf6 33. Nf4 Rd6 34. Kf2 d3 35. Rd1 Rcd8 36.
Rc3 d2 37. Rc2 g5 38. Ne2 Ke7 39. Nc3 Rd4 40. Na2 Kd6 41. Rcxd2 Ke5 42. Re1+ Kf6 43. Rc2 R8d6 44. Rec1 Rd2+ 45. Ke1 R2d3 46. Rxc6 Ke5 47. R6c5+ Ke4 48. Nc3+ Kd4 49. Nxb5+ Ke3 50. Nxd6 1-0

[Event "Late-Titled-Tuesday-Blitz-February-13-2024"]
[Site "Chess.com"]
[Date "2024.02.13"]
[Round "11"]
[White "krzyzan94"]
[Black "SergioMoralesG"]
[Result "1-0"]
[WhiteElo "2786"]
[BlackElo "2548"]
[TimeControl "180+1"]
[EndTime "16:04:43 PST"]
[Termination "krzyzan94 won by resignation"]

1. d4 d5 2. Bf4 Nf6 3. e3 c5 4. Nf3 e6 5. Nbd2 Bd6 6. c3 O-O 7. h4 Bxf4 8. exf4 Qc7 9. Ne5 cxd4 10. cxd4 Nc6 11. Rc1 Qb6 12. Nb3 Qb4+ 13. Qd2 Qxd2+ 14. Kxd2 Ne4+ 15. Ke3 Nd6 16. Nxc6 bxc6 17. Rxc6 Nf5+ 18. Kd2 a5 19. g4 a4 20. gxf5 axb3 21. axb3 Rb8 22.
Kc3 exf5 23. b4 Be6 24. Bd3 Rfc8 25. Rc5 Kf8 26. Ra1 g6 27. b5 Ke7 28. Ra7+ Kf6 29. Kb4 h6 30. Rxc8 Bxc8 31. Kc5 Be6 32. b6 Rc8+ 33. Kb5 g5 34. hxg5+ hxg5 35. fxg5+ Kxg5 36. b7 Rb8 37. Kc6 Kf6 38. Ra8 1-0

[Event "Late-Titled-Tuesday-Blitz-February-13-2024"]
[Site "Chess.com"]
[Date "2024.02.13"]
[Round "11"]
[White "jcibarra"]
[Black "Miguelito"]
[Result "1-0"]
[WhiteElo "2910"]
[BlackElo "2766"]
[TimeControl "180+1"]
[EndTime "16:04:44 PST"]
[Termination "jcibarra won by resignation"]

1. g3 d5 2. Bg2 c6 3. d3 g6 4.
e4 dxe4 5. dxe4 Qxd1+ 6. Kxd1 e5 7. c3 a5 8. a4 Na6 9. Kc2 h5 10. Nd2 Nc5 11. Nc4 Be6 12. Nxe5 Bg7 13. Ngf3 Nxe4 14. Re1 Nxf2 15. Nd4 Ne7 16. Bg5 Bxe5 17. Nxe6 Bd6 18. Nc7+ Kd7 19. Nxa8 Rxa8 20. Re2 Ng4 21. Rd1 Nd5 22.
Bxd5 cxd5 23. Rxd5 Kc6 24. Rd4 Ne5 25. Bf6 Nf3 26. Rd3 Ng1 27. Rg2 Nh3 28. Rgd2 Bc7 29. Rd7 Rf8 30. Bg7 Re8 31. Rxf7 Ng1 32. Rf6+ Kc5 33.
Bf8+ 1-0

[Event "Late-Titled-Tuesday-Blitz-February-13-2024"]
[Site "Chess.com"]
[Date "2024.02.13"]
[Round "11"]
[White "picturesquecheck"]
[Black "WilsonPalencia21"]
[Result "0-1"]
[WhiteElo "2409"]
[BlackElo "2542"]
[TimeControl "180+1"]
[EndTime "16:04:46 PST"]
[Termination "WilsonPalencia21 won by resignation"]

1. e4 c5 2. Nf3 d6 3. d4 cxd4 4. Nxd4 Nf6 5. Nc3 g6 6. Be3 Bg7 7. f3 O-O 8. Qd2 Nc6 9. Bc4 Ne5 10. Bb3 Bd7 11. O-O-O Rc8 12. Kb1 Re8 13. h4 h5 14.
Bg5 Rc5 15. g4 hxg4 16. h5 Nxh5 17. Rxh5 gxh5 18. Qh2 Ng6 19. Nd5 Qa5 20. Qxh5 e6 21.
Nf5 Rxd5 22. Bxd5 exf5 23. Rh1 Be6 24. fxg4 fxe4 25. Qh7+ Kf8 26. Bh6 Qxd5 27. Qxg7+ Ke7 28. b3 Kd7 29. Qc3 Rc8 30. Qb4 e3 31. Re1 a5 32.
Qa4+ Qc6 33. Qxa5 Qxc2+ 34. Ka1 Qc3+ 35. Qxc3 Rxc3 36. Bxe3 Bxg4 37. Rf1 Rxe3 0-1

[Event "Late-Titled-Tuesday-Blitz-February-13-2024"]
[Site "Chess.com"]
[Date "2024.02.13"]
[Round "11"]
[White "szefru"]
[Black "KorolDimitriy75"]
[Result "0-1"]
[WhiteElo "2254"]
[BlackElo "2427"]
[TimeControl "180+1"]
[EndTime "16:04:47 PST"]
[Termination "KorolDimitriy75 won by checkmate"]

1. e4 c5 2. Nf3 d6 3. d4 cxd4 4. Qxd4 a6 5. c4 Nc6 6. Qd3 g6 7. Nc3 Bg7 8. Be2 Nf6 9. O-O O-O 10. h3 Nd7 11. Be3 Nc5 12. Qc2 a5 13. a3 Be6 14.
Rfd1 Qb6 15. Ng5 Qb3 16. Qd2 Bxc4 17. Bxc5 Bxe2 18. Qxe2 dxc5 19. Nd5 Qxb2 20. Qg4 e6 21. Rab1 Qxa3 22. Nb6 Rad8 23. Nd7 Rxd7 24. Rxd7 Ne5 25. Qd1 Nxd7 26. Qxd7 b5 27. Rxb5 Qc1+ 28. Kh2 Qxg5 29.
Rxa5 Qf4+ 30. Kg1 Bd4 31. Ra2 Qc1+ 32. Kh2 Qf4+ 33. g3 Qxe4 34. h4 Qd5 35. Qa4 e5 36. h5 Kg7 37. Qd1 Qxa2 38. h6+ Kg8 39. Qf3 Qe6 40.
Qe4 Qf5 41. Qb7 Qh5+ 42. Kg2 Qxh6 43. Qd5 Qg7 44. f4 h5 45. f5 gxf5 46. Qf3 Qg4 47. Qd3 f4 48. Kh1 Qh3# 0-1

[Event "Late-Titled-Tuesday-Blitz-February-13-2024"]
[Site "Chess.com"]
[Date "2024.02.13"]
[Round "11"]
[White "Nick12772"]
[Black "DraningWaterHi"]
[Result "0-1"]
[WhiteElo "2333"]
[BlackElo "2238"]
[TimeControl "180+1"]
[EndTime "16:04:47 PST"]
[Termination "DraningWaterHi won by checkmate"]

1. Nf3 Nf6 2. g3 g6 3. Bg2 Bg7 4. O-O O-O 5. c4 c6 6. Nc3 d6 7. b3 e5 8. d3 Nbd7 9. Bb2 Nh5 10. e4 Nc5 11. d4 Ne6 12. dxe5 dxe5 13. Qxd8 Rxd8 14. Rad1 f6 15. Rxd8+ Nxd8 16. Rd1 Be6 17. h3 Bf8 18. Kf1 Nf7 19. Ke2 Ng7 20. g4 g5 21.
Ne1 Ne8 22. Nc2 Nc7 23. Ne3 Nd6 24. Nf5 Nxf5 25. exf5 Bc8 26. Ne4 Be7 27. Nd6 Kf8 28.
b4 Ne8 29. Nxe8 Kxe8 30. b5 Bd7 31. a4 a6 32. bxc6 Bxc6 33. Bd5 Bxa4 34. Rb1 Bc6 35. Bxc6+ bxc6 36. Bc3 a5 37. Rb6 a4 38. Rxc6 a3 39.
Kd3 a2 40. Ba1 Ra3+ 41. Kc2 Kd7 42. Re6 Rxh3 43. Kb2 Rh4 44. f3 Rh2+ 45. Kb3 Rh3 46. Kxa2 Rxf3 47. Bb2 Rf4 48. Kb3 Rxg4 49. Bc3 Rf4 50. Bb4 Bxb4 51. Kxb4 Rxf5 52. Ra6 Rf1 53. Ra7+ Ke6 54. Rxh7 Rb1+ 55. Kc3 g4 56. Rg7 f5 57. c5 Kd5 58. Rg5 Rf1 59. Kb4 e4 60. Kb5 e3 61. c6 Ke4 62. c7 Rc1 63. Rg7 e2 64. Re7+ Kf3 65. Re5 f4 66. Kb4 Rxc7 67. Kb3 Kf2 68.
Kb4 f3 69. Re4 e1=Q+ 70. Rxe1 Kxe1 71. Kb5 f2 72. Kb6 Rc2 73. Kb5 f1=Q+ 74. Kb4 Qd3 75. Ka5 Qb3 76. Ka6 Ra2# 0-1

[Event "Late-Titled-Tuesday-Blitz-February-13-2024"]
[Site "Chess.com"]
[Date "2024.02.13"]
[Round "11"]
[White "GothamChess"]
[Black "ValeriyGrinev"]
[Result "0-1"]
[WhiteElo "2702"]
[BlackElo "2548"]
[TimeControl "180+1"]
[EndTime "16:04:49 PST"]
[Termination "ValeriyGrinev won on time"]

1. e4 c5 2. a3 g6 3. Nc3 Bg7 4. Bc4 e6 5. d3 Ne7 6. Ba2 Nbc6 7.
Nge2 O-O 8. h4 d5 9. h5 Rb8 10. hxg6 hxg6 11. Bf4 e5 12. Bg5 Qd6 13. exd5 Nd4 14. Ne4 Qb6 15. d6 Nef5 16. Nf6+ Bxf6 17. Bxf6 Ng7 18. Nxd4 Qxd6 19. Bxg7 Kxg7 20. Nf3 Bg4 21. Qd2 Rh8 22. O-O-O b5 23. Rxh8 Rxh8 24. Re1 Bxf3 25. gxf3 b4 26. axb4 cxb4 27. Qe3 Rh5 28. Qxa7 Rf5 29.
Re3 Qd8 30. Qc5 Qh4 31. Rxe5 Qg5+ 32. f4 Qxf4+ 33. Re3 Rxc5 0-1

[Event "Late-Titled-Tuesday-Blitz-February-13-2024"]
[Site "Chess.com"]
[Date "2024.02.13"]
[Round "11"]
[White "Sl4werThanYou"]
[Black "platy3"]
[Result "0-1"]
[WhiteElo "2700"]
[BlackElo "2960"]
[TimeControl "180+1"]
[EndTime "16:04:51 PST"]
[Termination "platy3 won on time"]

1. e4 c5 2. Nf3 e6 3. d4 cxd4 4.
Nxd4 Nc6 5. Nc3 Qc7 6. Be2 a6 7. O-O Nf6 8. Be3 Be7 9. Nb3 b5 10. a3 Bb7 11. f4 d6 12. Bf3 O-O 13. g4 b4 14. axb4 Nxb4 15. g5 Nd7 16. Na5 Rac8 17. Nxb7 Qxb7 18. h4 Rfe8 19. h5 Bf8 20. Qe2 g6 21.
hxg6 hxg6 22. Bd4 e5 23. fxe5 Nxe5 24. Bg4 Rcd8 25. Rf2 Bg7 26. Rd1 Qe7 27. Be3 Rb8 28. Kg2 Nxc2 29. Nd5 Nxe3+ 30. Qxe3 Nxg4 31. Nxe7+ Rxe7 32. Qg3 Nxf2 33. Qxd6 Rxb2 34. Qxe7 Nxd1+ 35. Kf3 Rb3+ 36. Kg2 Ne3+ 37. Kg1 Rb5 38. Qd8+ Bf8 39. Kf2 Nc4 40. Kg3 Nd6 41. Kf3 Nb7 0-1

[Event "Late-Titled-Tuesday-Blitz-February-13-2024"]
[Site "Chess.com"]
[Date "2024.02.13"]
[Round "11"]
[White "Fjal"]
[Black "dosto07"]
[Result "0-1"]
[WhiteElo "2240"]
[BlackElo "2494"]
[TimeControl "180+1"]
[EndTime "16:04:51 PST"]
[Termination "dosto07 won by resignation"]

1. Nf3 Nf6 2. g3 d5 3. Bg2 Bf5 4. O-O e6 5. d3 h6 6. c4 c6 7. cxd5 cxd5 8. Qb3 Qb6 9. Be3 Qxb3 10. axb3 Nc6 11. Nc3 Be7 12. Nb5 Kd7 13. Nxa7 Nxa7 14. Bxa7 Bd6 15. Ra4 Rhc8 16. Nd4 Bg6 17. Rfa1 Be5 18.
h3 Rxa7 19. Rxa7 Bxd4 20. Rxb7+ Rc7 21. Rxc7+ Kxc7 22. Rc1+ Kd7 23. Rc2 Ne8 24. Kf1 Nd6 25. Ke1 Nb5 26. e3 Bf6 27. Kd2 h5 28. Bf1 Be7 29.
d4 Bb4+ 30. Kc1 Nd6 31. Rc3 Bxc3 32. bxc3 Ne4 33. c4 Nxf2 34. c5 Bd3 35. Bg2 Be4 36. Bf1 Nd3+ 37. Kd2 Nb4 38. Kc3 Nc6 39. b4 g5 40. b5 Nd8 41. h4 f6 42. Be2 g4 43.
Bd1 Kc7 44. Ba4 e5 45. b6+ Kb7 46. Be8 exd4+ 47. exd4 Ne6 48. Bxh5 f5 49. Bf7 Nd8 50. Bg6 f4 51. Bxe4 dxe4 52. Kc2 fxg3 53. h5 g2 54. h6 g1=Q 0-1

[Event "Late-Titled-Tuesday-Blitz-February-13-2024"]
[Site "Chess.com"]
[Date "2024.02.13"]
[Round "11"]
[White "Heinza9"]
[Black "yuriydovzik"]
[Result "1-0"]
[WhiteElo "2290"]
[BlackElo "2115"]
[TimeControl "180+1"]
[EndTime "16:04:51 PST"]
[Termination "Heinza9 won on time"]

1. e4 c6 2. d4 Na6 3. c4 g6 4. d5 Bg7 5. Nc3 d6 6. Nf3 Nf6 7. Bd3 Nc5 8. Bc2 a5 9. h3 O-O 10. O-O h6 11. Be3 cxd5 12. exd5 b6 13. Re1 Ba6 14.
b3 a4 15. Qd2 Qc7 16. Bxh6 axb3 17. axb3 b5 18. Bxg7 Kxg7 19. cxb5 Bb7 20. b4 Rxa1 21.
Rxa1 Ncd7 22. Bb3 Rc8 23. Ne2 Ne5 24. Nxe5 dxe5 25. Rc1 Qb6 26. Rxc8 Bxc8 27. Nc3 Bf5 28. Qe3 Qd6 29. Qc5 Qd8 30. b6 Nd7 31. Qc7 Qa8 32. b7 Qa1+ 33. Kh2 Qc1 34. Nb5 Qf4+ 35. Kg1 Qxb4 36. b8=Q Nxb8 37. Qxe5+ f6 38. Qxb8 Qxb3 39. Qb7 1-0

[Event "Late-Titled-Tuesday-Blitz-February-13-2024"]
[Site "Chess.com"]
[Date "2024.02.13"]
[Round "11"]
[White "sotochess"]
[Black "SouS007"]
[Result "1-0"]
[WhiteElo "2589"]
[BlackElo "2503"]
[TimeControl "180+1"]
[EndTime "16:04:54 PST"]
[Termination "sotochess won by checkmate"]

1. e4 e6 2. Qe2 b6 3. Nf3 Bb7 4.
g3 Nf6 5. d3 d5 6. Nbd2 dxe4 7. dxe4 Be7 8. Bg2 O-O 9. O-O c5 10. Rd1 Nc6 11. e5 Nd5 12. Ne4 Qb8 13.
c4 Ba6 14. Bg5 Bxg5 15. Nexg5 h6 16. Qc2 hxg5 17. Nxg5 g6 18. cxd5 Nb4 19. Qe4 Qb7 20. Qh4 f6 21. exf6 exd5 22. Rxd5 Rxf6 23. Rd7 Qxd7 24.
Bxa8 Rf8 25. Be4 Bb7 26. Bxg6 Qg7 27. Bh7+ Kh8 28. Be4+ Kg8 29. Bh7+ Kh8 30. Re1 Nd5 31. Be4+ Kg8 32. Ne6 Qf6 33. Qh7# 1-0

[Event "Late-Titled-Tuesday-Blitz-February-13-2024"]
[Site "Chess.com"]
[Date "2024.02.13"]
[Round "11"]
[White "DeGrootteZ"]
[Black "chegueps"]
[Result "1/2-1/2"]
[WhiteElo "2837"]
[BlackElo "2685"]
[TimeControl "180+1"]
[EndTime "16:04:55 PST"]
[Termination "Game drawn by repetition"]

1. c4 Nf6 2. Nc3 g6 3. e4 d6 4.
d4 Bg7 5. Nge2 O-O 6. Ng3 c6 7. Be2 a6 8. h4 b5 9. h5 bxc4 10.
hxg6 hxg6 11. Bg5 Nh7 12. Be3 e5 13. dxe5 Bxe5 14. f4 Bg7 15. Qd2 d5 16. exd5 cxd5 17.
Nxd5 Nf6 18. Nxf6+ Qxf6 19. Bf3 Nc6 20. Rc1 Rb8 21.
Rxc4 Rxb2 22. Rxc6 Qe7 23. Qd3 Re8 24. O-O Bb7 25.
Bc5 Qh4 26. Rc7 Qxg3 27. Bf2 Bd4 28. Qxd4 Bxf3 29. Bxg3 Rxg2+ 30. Kh1 Rf2+ 31. Kg1 Rg2+ 32. Kh1 Rf2+ 33. Kg1 Rg2+ 1/2-1/2

[Event "Late-Titled-Tuesday-Blitz-February-13-2024"]
[Site "Chess.com"]
[Date "2024.02.13"]
[Round "11"]
[White "Genghis_K"]
[Black "ChessSkool"]
[Result "1-0"]
[WhiteElo "2919"]
[BlackElo "2735"]
[TimeControl "180+1"]
[EndTime "16:04:56 PST"]
[Termination "Genghis_K won by checkmate"]

1. e4 c6 2. Nf3 d5 3. Nc3 dxe4 4. Nxe4 Nf6 5. Qe2 Nxe4 6. Qxe4 Nd7 7. Bc4 Nf6 8. Qe2 e6 9. O-O b5 10. Bd3 Bb7 11.
Ne5 Bd6 12. b3 a6 13. Bb2 O-O 14. Rae1 Nd5 15. f4 f5 16. c4 Nf6 17. Rf3 Bc5+ 18. Kh1 Bd4 19. Bxd4 Qxd4 20. Nxc6 Qd6 21. Qxe6+ Qxe6 22. Rxe6 Rae8 23. Rfe3 Rxe6 24. Rxe6 Bxc6 25. Rxc6 Rd8 26.
Bxf5 Rxd2 27. h3 Rxa2 28. Rc8+ Kf7 29. Rc7+ Kg8 30. c5 g6 31. Be6+ Kh8 32. c6 Rc2 33. Rf7 Ne4 34. c7 Nd6 35. Rd7 a5 36. Rxd6 Rxc7 37.
Rb6 b4 38. Rb5 Ra7 39. Kh2 Kg7 40. Bc4 h5 41. g4 hxg4 42. hxg4 Kf6 43. Rb6+ Kg7 44.
Bd3 a4 45. bxa4 Rxa4 46. Rxg6+ Kf7 47. Rb6 Ra2+ 48. Kg3 Ra3 49. Rxb4 Rxd3+ 50. Kh4 Rd6 51. f5 Kf6 52. Rb5 Ra6 53. g5+ Kg7 54. Rb7+ Kg8 55. f6 Ra1 56. Kh5 Ra8 57. Kg6 Kh8 58. Rh7+ Kg8 59. f7+ Kf8 60. Rh8+ Ke7 61. Rxa8 Kd7 62.
f8=Q Ke6 63. Qf5+ Kd6 64. Ra6+ Ke7 65. Qf7+ Kd8 66. Ra8# 1-0

[Event "Late-Titled-Tuesday-Blitz-February-13-2024"]
[Site "Chess.com"]
[Date "2024.02.13"]
[Round "11"]
[White "dolynachess"]
[Black "gunslinger222"]
[Result "0-1"]
[WhiteElo "2453"]
[BlackElo "2289"]
[TimeControl "180+1"]
[EndTime "16:04:58 PST"]
[Termination "gunslinger222 won on time"]

1. d4 d5 2. c4 e5 3. Nf3 e4 4.
Nfd2 Bd6 5. e3 c6 6. Nc3 Ne7 7. Qb3 a6 8. cxd5 cxd5 9. a4 Nbc6 10. Be2 Be6 11. f4 h5 12. Nf1 Na5 13. Qa2 g6 14. Bd2 O-O 15. g3 Kg7 16. h3 Qc8 17. Rc1 Nc4 18.
Nxe4 dxe4 19. Bxc4 Bxc4 20. Qxc4 Qxc4 21. Rxc4 b5 22.
axb5 axb5 23. Rc1 Ra2 24. Rb1 Nd5 25. g4 hxg4 26. hxg4 Rc8 27. Kd1 Nb4 28. g5 Nd3 29. Bc3 Nf2+ 30. Kc2 Nxh1 31. Kb3 Ra4 32. Nd2 Nf2 0-1

[Event "Late-Titled-Tuesday-Blitz-February-13-2024"]
[Site "Chess.com"]
[Date "2024.02.13"]
[Round "11"]
[White "VladimirKramnik"]
[Black "dropstoneDP"]
[Result "0-1"]
[WhiteElo "2948"]
[BlackElo "3063"]
[TimeControl "180+1"]
[EndTime "16:05:01 PST"]
[Termination "dropstoneDP won on time"]

1. c4 e5 2. d3 Nf6 3. Nf3 Nc6 4. a3 d5 5. cxd5 Nxd5 6. Qc2 Bg4 7.
Nbd2 Qd7 8. e3 O-O-O 9. h3 Bh5 10. b4 a6 11. Bb2 f6 12. Rc1 Kb8 13. Be2 Bxb4 14.
axb4 Ndxb4 15. Qb1 Nxd3+ 16. Bxd3 Qxd3 17. Qxd3 Rxd3 18. Ne4 Rb3 19. Ba1 Nb4 20. O-O Nd3 21. Rb1 Rxb1 22. Rxb1 Bg6 23. Nfd2 Rd8 24. Rb3 b6 25. g4 a5 26. Kg2 Nb4 27. Bc3 c5 28. g5 fxg5 29.
Nxg5 Kb7 30. Ndf3 a4 31. Ra3 b5 32. Nxe5 Bc2 33. Ne6 Rd5 34. Nf4 Rd1 35. Bb2 Bb3 36.
Nf3 Nc2 0-1

[Event "Late-Titled-Tuesday-Blitz-February-13-2024"]
[Site "Chess.com"]
[Date "2024.02.13"]
[Round "11"]
[White "h4parah5"]
[Black "Polish_fighter3000"]
[Result "0-1"]
[WhiteElo "2979"]
[BlackElo "3068"]
[TimeControl "180+1"]
[EndTime "16:05:02 PST"]
[Termination "Polish_fighter3000 won by resignation"]

1. Nf3 Nf6 2. c4 e6 3. b3 a6 4. Nc3 d5 5. e3 c5 6. Bb2 Nc6 7. cxd5 exd5 8. Na4 Bg4 9. h3 Bh5 10. Rc1 Nd7 11. Be2 b5 12. Nc3 Nb6 13. O-O Be7 14.
g4 Bg6 15. Nxb5 h5 16. g5 axb5 17. Bxb5 O-O 18. Bxc6 Rxa2 19. Bc3 Qc8 20. Ne5 Qxh3 21. Nxg6 fxg6 22. f4 Qg3+ 23. Kh1 d4 24. Ra1 Rxa1 25.
Bxa1 dxe3 26. dxe3 Qxe3 27. Qf3 Qe6 28. Bc3 Bxg5 29.
Re1 Qf7 30. Be5 Bxf4 31. Bxf4 Qxf4 32. Qxf4 Rxf4 33. Re8+ Kh7 34. Rb8 Rb4 35. Kg2 Rxb3 0-1

[Event "Late-Titled-Tuesday-Blitz-February-13-2024"]
[Site "Chess.com"]
[Date "2024.02.13"]
[Round "11"]
[White "dretch"]
[Black "ChessQueen"]
[Result "1-0"]
[WhiteElo "2901"]
[BlackElo "2715"]
[TimeControl "180+1"]
[EndTime "16:05:02 PST"]
[Termination "dretch won by resignation"]

1. d4 Nf6 2. c4 e6 3. Nf3 d5 4. Nc3 dxc4 5. e4 b5 6. e5 Nd5 7. Nxb5 Nb6 8. Be2 Be7 9. O-O O-O 10. Qc2 Bb7 11. Na3 Nc6 12. Be3 Nb4 13. Qc1 Nd3 14. Qc3 Bb4 15. Qc2 Bxa3 16. bxa3 Be4 17. Nd2 Bg6 18. Qc3 c5 19. dxc5 Nd5 20. Qd4 Nxe3 21.
Qxe3 Nxe5 22. Rfd1 Qc7 23. Rac1 Nd3 24. Rxc4 Nb2 25.
Rdc1 Nxc4 26. Nxc4 Rfd8 27. Nd6 Rab8 28. h4 h6 29. h5 Bh7 30. Nb5 Rxb5 31. Bxb5 Rd5 32. Be2 Bf5 33. Bf3 Rd8 34. c6 e5 35. g3 f6 36.
Qb3+ Kf8 37. Qb7 Rc8 38. Rc4 Be6 39. Ra4 a5 40. Qb5 Rb8 41. Qc5+ Kg8 42. Rxa5 Rb1+ 43. Kg2 Qc8 44. c7 Bh3+ 45. Kh2 Bf1 46. Ra8 1-0

[Event "Late-Titled-Tuesday-Blitz-February-13-2024"]
[Site "Chess.com"]
[Date "2024.02.13"]
[Round "11"]
[White "Oleksandr_Bortnyk"]
[Black "GMBenjaminBok"]
[Result "1-0"]
[WhiteElo "3065"]
[BlackElo "2994"]
[TimeControl "180+1"]
[EndTime "16:05:03 PST"]
[Termination "Oleksandr_Bortnyk won by resignation"]

1. e4 e5 2. Nf3 Nc6 3. Bb5 Nf6 4.
Nc3 Nd4 5. Ba4 c6 6. d3 a5 7. a3 b5 8. Bb3 Nxb3 9. cxb3 d6 10. d4 Qc7 11. h3 Be7 12. Bg5 Bb7 13. O-O b4 14. axb4 axb4 15. Rxa8+ Bxa8 16. dxe5 dxe5 17. Na4 O-O 18. Qc2 c5 19. Bxf6 Bxf6 20. Nd2 Be7 21. Nc4 Rb8 22. Rd1 g6 23. Ne3 Rd8 24. Rxd8+ Qxd8 25. f3 Qd4 26. Qf2 Kg7 27. Nb6 Bc6 28.
Nbc4 Bg5 29. h4 Bh6 30. Ng4 Bf4 31. Qxd4 exd4 32. Kf2 h5 33. Nge5 Bd7 34. Nxd7 1-0

[Event "Late-Titled-Tuesday-Blitz-February-13-2024"]
[Site "Chess.com"]
[Date "2024.02.13"]
[Round "11"]
[White "temus_galaktionov"]
[Black "FMJoseHerrera"]
[Result "0-1"]
[WhiteElo "2891"]
[BlackElo "2745"]
[TimeControl "180+1"]
[EndTime "16:05:04 PST"]
[Termination "FMJoseHerrera won on time"]

1. d4 Nf6 2. Nf3 c5 3. d5 g6 4. c4 b5 5. cxb5 a6 6. bxa6 Bg7 7. a7 Rxa7 8. Nc3 O-O 9. e4 Qa5 10. Bd2 Qb6 11. Qc2 Ba6 12. Bxa6 Qxa6 13. a4 Rb7 14. Ra3 Rb4 15. e5 Ng4 16. Nb5 Nxe5 17. Bxb4 cxb4 18. Re3 Rc8 19. Qd1 Nc4 20. Rxe7 Nxb2 21. Qe2 Rc1+ 22. Kd2 Bh6+ 23. Re3 Rxh1 24. Kc2 Qxa4+ 25.
Kxb2 Bg7+ 26. Ne5 Na6 27. Nd4 Nc5 28. Nc2 b3 29. Qc4 Qa2+ 30. Kc3 Qxc2+ 31. Kb4 d6 32. Nc6 Qxc4+ 33. Kxc4 Bf6 34. Re8+ Kg7 35. Rb8 b2 0-1

[Event "Late-Titled-Tuesday-Blitz-February-13-2024"]
[Site "Chess.com"]
[Date "2024.02.13"]
[Round "11"]
[White "IraZyne"]
[Black "Championnn-9"]
[Result "0-1"]
[WhiteElo "2334"]
[BlackElo "2505"]
[TimeControl "180+1"]
[EndTime "16:05:06 PST"]
[Termination "Championnn-9 won by resignation"]

1. e4 c5 2. Nc3 e6 3. Nge2 d5 4. exd5 exd5 5. d4 Nf6 6. g3 Nc6 7. Bg2 cxd4 8. Nxd4 Bc5 9. Nce2 O-O 10. O-O Bg4 11.
h3 Bh5 12. Nb3 Bb6 13. Bg5 h6 14. Bf4 Re8 15. g4 Bg6 16. c3 Be4 17. Ned4 Bxg2 18. Kxg2 Ne5 19. Bxe5 Rxe5 20. Qd3 Ne4 21. Rad1 Qf6 22.
f3 Nd6 23. Rfe1 Rae8 24. Rxe5 Rxe5 25. Rd2 h5 26. Re2 h4 27. Qd1 Qf4 28. Qe1 Rxe2+ 29. Nxe2 Qf6 30. Nbd4 g6 31. Qf2 Nc4 32. b3 Ne5 33.
Qe3 Kg7 34. f4 Nc6 35. g5 Qd6 36. Kf3 Qd7 37. Kg2 Ne7 38. Qe5+ Kg8 39. a4 Bc7 40. Qf6 Bd8 41. Qe5 Nc8 42. Qe3 Nd6 43. Qf3 Ne4 44.
Qg4 Qc7 45. f5 Nxg5 46. Qxh4 Qe7 47. Qg3 Ne4 48. Qg4 Nf6 49. Qf3 g5 50. Ng3 Bc7 51.
Nh5 Ne4 52. f6 Qe5 53. Kf1 Nd2+ 0-1